AoeStats
← 肥肠拌面

African Clearing

510347521Analyzed
4v4 RM · 1d ago on Sep 30, 2026· 61m 28s· 8 players
Game mode
Random Map
Map size
Large (8 player)
Population
200
Speed
Normal
Resources
Standard
Victory
Conquest
Starting age
Dark Age
Ending age
Imperial Age
RankedLock teamsTeams togetherTeam positionsShared explorationLock speedFull tech treeHidden civsTurbo modeCheats
Victory
Defeat
🇨🇳 Vietnamese · China
1386
+9
🇨🇳 Mongols · China
1350
+11
🇨🇳 Danes · China
1249
+15
🇨🇳 Varangians · China
1028
+22
🇨🇱 Cumans · Chile
1263
-16
🇨🇳 Spanish · China
1218
-14
🇨🇱 Celts · Chile
1217
-14
🇨🇳 Magyars · China
1189
-13
FAKE CARACODUENDE
13:44 Feudal Age
17:24 Castle Age
15:41 Double-Bit Axe
18:46 Bow Saw
18:17 Horse Collar
21:11 Loom
27:54 Wheelbarrow
35:43 Imperial Age
34:41 Scale Barding Armor
34:46 Forging
34:28 Capped Ram
34:47 Light Cavalry
35:38 Bloodlines
35:55 Steppe Husbandry
38:48 Chain Barding Armor
42:19 Plate Barding Armor
42:35 Heavy Plow
42:58 Hussar
44:30 Iron Casting
48:56 Blast Furnace
47:28 Cavalier
49:22 Conscription
48:57 Paladin
pequeñobro
10:06 Loom
13:11 Feudal Age
18:18 Castle Age
19:46 Double-Bit Axe
19:43 Horse Collar
21:44 Fletching
29:50 Bodkin Arrow
30:13 Elite Skirmisher
42:41 Imperial Age
41:33 Wheelbarrow
41:11 Bow Saw
41:07 Town Watch
43:05 Heavy Scorpion
47:12 Hand Cart
52:30 Gold Mining
54:35 Ballistics
56:35 Capped Ram
58:51 Siege Ram
我很牛逼
4:17 Loom
15:56 Feudal Age
22:17 Castle Age
40:01 Double-Bit Axe
43:06 Bow Saw
42:42 Horse Collar
46:34 Imperial Age
44:36 Scale Barding Armor
44:41 Forging
45:02 Light Cavalry
46:23 Bloodlines
46:52 Cavalier
47:34 Husbandry
48:12 Iron Casting
47:57 Chain Barding Armor
48:12 Iron Casting
47:57 Chain Barding Armor
49:32 Chain Barding Armor
50:12 Blast Furnace
49:32 Chain Barding Armor
51:28 Plate Barding Armor
51:09 Heavy Plow
52:08 Wheelbarrow
52:38 Two-Man Saw
52:27 Paladin
56:12 Hand Cart
苹果砸死牛顿
15:09 Feudal Age
16:36 Loom
19:14 Castle Age
17:02 Double-Bit Axe
19:25 Gold Mining
19:29 Stone Mining
22:48 Fletching
25:13 Horse Collar
33:25 Wheelbarrow
38:23 Imperial Age
36:16 Heavy Plow
36:29 Bow Saw
36:21 Gold Mining
37:05 Hand Cart
36:38 Town Watch
37:28 Corvinian Army
37:47 Bodkin Arrow
38:19 Ballistics
38:49 Thumb Ring
40:00 Conscription
41:21 Crop Rotation
41:57 Two-Man Saw
41:10 Bracer
58:04 Parthian Tactics
59:43 Husbandry
60:28 Bloodlines
时尚
4:25 Loom
13:10 Feudal Age
16:48 Castle Age
15:38 Double-Bit Axe
21:05 Fletching
22:33 Horse Collar
24:19 Bodkin Arrow
25:56 Bow Saw
25:48 Heavy Plow
25:57 Padded Archer Armor
28:40 Wheelbarrow
30:05 Bloodlines
31:39 Ballistics
35:07 Heavy Plow
35:27 Gold Mining
35:36 Stone Mining
39:16 Imperial Age
36:31 Town Watch
37:38 Husbandry
39:29 Stone Shaft Mining
39:30 Gold Shaft Mining
39:06 Thumb Ring
40:13 Hand Cart
41:13 Chemistry
40:20 Bracer
41:10 Parthian Tactics
41:10 Conscription
41:29 Leather Archer Armor
41:53 Elite Mangudai
45:44 Capped Ram
47:15 Drill
47:23 Siege Engineers
46:39 Siege Ram
49:54 Coinage
50:24 Town Patrol
52:09 Banking
54:15 Heavy Camel Rider
55:02 Scale Barding Armor
56:39 Chain Barding Armor
57:18 Forging
58:46 Iron Casting
种田使我快乐
12:55 Feudal Age
13:49 Double-Bit Axe
15:08 Man-at-Arms
17:39 Forging
26:16 Castle Age
29:45 Iron Casting
29:00 Fletching
29:11 Scale Mail Armor
29:12 Padded Archer Armor
30:21 Loom
31:58 Wheelbarrow
32:44 Elite Skirmisher
33:44 Town Watch
34:12 Horse Collar
34:44 Bodkin Arrow
35:06 Chain Mail Armor
36:37 Padded Archer Armor
41:11 Imperial Age
40:05 Bow Saw
39:47 Gold Mining
39:48 Stone Mining
40:28 Hamask
42:39 Conscription
43:32 Siege Engineers
43:30 Capped Ram
43:41 Imperial Skirmisher
44:27 Squires
44:12 Gambesons
44:14 Arson
49:22 Bracer
50:26 Blast Furnace
50:28 Plate Mail Armor
51:04 Heavy Plow
51:04 Elite Jomsviking
51:25 Pikeman
51:54 Halberdier
54:32 Elite Varangian Guard
55:46 Siege Ram
55:49 Onager
60:15 Heavy Scorpion
6988
4:09 Loom
12:51 Feudal Age
14:01 Double-Bit Axe
17:05 Fletching
18:27 Padded Archer Armor
25:07 Castle Age
23:49 Stone Mining
23:50 Gold Mining
25:34 Crossbowman
26:21 Thumb Ring
26:25 Bodkin Arrow
27:20 Town Watch
35:28 Ballistics
36:10 Bow Saw
37:07 Masonry
37:30 Horse Collar
38:30 Wheelbarrow
41:10 Murder Holes
45:18 Imperial Age
51:40 Hand Cart
51:52 Pikeman
52:32 Squires
52:18 Arson
54:20 Two-Man Saw
54:01 Forging
53:57 Scale Barding Armor
53:55 Scale Mail Armor
54:11 Bracer
54:28 Leather Archer Armor
54:05 Arbalester
57:09 Stone Shaft Mining
57:55 Chemistry
56:44 Arrowslits
58:16 Ring Archer Armor
58:04 Onager
59:24 Town Patrol
61:42 Siege Engineers
肥肠拌面
3:12 Loom
15:30 Feudal Age
23:03 Castle Age
21:02 Fishing Lines
21:45 Double-Bit Axe
24:09 Gillnets
26:42 Scale Barding Armor
37:08 Chain Barding Armor
36:58 Forging
47:29 Imperial Age
46:03 Vendel Legacy
47:40 Elite Jarl
49:40 Plate Barding Armor
49:15 Forging
53:00 Forging
59:49 Iron Casting
Connection lost

Rejoining the realm…

Still unreachable

The connection could not be restored.

Session expired

The server has moved on; the page needs a fresh start.